 Dungeon Crawl Stone Soup version 0.17.1-1-g73c8601 (webtiles) character file.

66 Implojin the Ruffian (level 3, -5/36 HPs)
             Began as a Troll Fighter on Apr 4, 2016.
             Slain by a sky beast (6 damage)
             ... on level 4 of the Dungeon.
             The game lasted 00:02:24 (364 turns).

Implojin the Ruffian (Troll Fighter)                 Turns: 364, Time: 00:02:24

Health: -5/36      AC:  5    Str: 29    XL:     3   Next: 96%
Magic:  2/2        EV:  8    Int:  4    God:
Gold:   9          SH:  9    Dex: 10    Spells: 0 memorised, 2 levels left

rFire  . . .     SeeInvis .       - Unarmed
rCold  . . .     Clarity  .     a - +0 robe
rNeg   . . .     SustAt   .     b - +0 shield
rPois  .         Gourm    +     (helmet restricted)
rElec  .         Spirit   .     (no cloak)
rCorr  .         Warding  .     (gloves unavailable)
rMut   .         Stasis   .     (boots unavailable)
MR     .....                    (no amulet)
Stlth  +.........               (no ring)
                                (no ring)

@: mighty, not resistant to hostile enchantments, very unstealthy
A: unfitting armour, claws 3, fast metabolism 3, gourmand, regeneration 2,
shaggy fur 1, tough skin 2
a: no special abilities


You were on level 4 of the Dungeon.
You were hungry.

You visited 1 branch of the dungeon, and saw 5 of its levels.

You collected 9 gold pieces.

Inventory:

Hand Weapons
 f - a +0 blowgun
Armour
 a - a +0 robe (worn)
 b - a +0 shield (worn)
Scrolls
 e - a scroll of teleportation {unknown}
 g - a scroll of noise {unknown}
Potions
 h - a potion of cancellation {unknown}
Comestibles
 d - 2 bread rations
 i - a meat ration


   Skills:
 - Level 2.4 Fighting
 - Level 2.4 Dodging
 - Level 2.4 Shields
 * Level 4.3 Unarmed Combat


You had 2 spell levels left.
You didn't know any spells.

Dungeon Overview and Level Annotations

Branches:
Dungeon (5/15)
 Temple: D:4-7

Altars:
Ashenzari
Dithmenos
Nemelex Xobeh
Sif Muna
Trog
Yredelemnul


Innate Abilities, Weirdness & Mutations

You are too large for most types of armour.
You have claws for hands.
Your metabolism is lightning-fast.
You like to eat raw meat.
You heal very quickly.
You are covered in fur (AC +1).
You have very tough skin (AC +2).


Message History

You scratch the slave but do no damage.
The slave is moderately wounded.
You block the slave's attack.
You scratch the slave but do no damage.
The slave is moderately wounded.
The slave hits you but does no damage.
Unknown command.
You scratch the slave but do no damage.
The slave is moderately wounded.
The slave hits you!
* * * LOW HITPOINT WARNING * * *
Drink which item? (? for menu, Esc to quit)
You feel very mighty all of a sudden.
You feel sick.
You are no longer poisoned.
The slave hits you.
* * * LOW HITPOINT WARNING * * *
Unknown command.
You closely miss the slave.
The slave is moderately wounded.
The slave hits you.
* * * LOW HITPOINT WARNING * * *
Unknown command.
You closely miss the slave.
The slave is moderately wounded.
The slave hits you.
* * * LOW HITPOINT WARNING * * *
You claw the slave!
The slave is heavily wounded.
The slave barely misses you.
Unknown command.
You mangle the slave!!
You kill the slave!
That felt strangely unrewarding.
A sky beast appears from thin air!
Reactivating autopickup.
Unknown command.
You closely miss the sky beast. The sky beast hits you.
* * * LOW HITPOINT WARNING * * *
The sky beast shocks you.
You die...

### $.# ... #.###.#
.....# #.....# #
##...# #@# #
##....# #Y# #
##.....#####a# .#
##...........p# .#
#....$.......## .#
#..........#.#
####.#.......##>..
....Z.#......#...##
##.....#...#.......


You could see a sky beast, a slave and a worker ant.

Vanquished Creatures
  A slave (D:4)
  2 gnolls
  2 adders
  A shadow imp (D:5)
  An adder skeleton (D:4)
  2 giant geckos
  2 orcs
  A hobgoblin (D:3)
  3 jackals (D:3)
  2 kobolds
  A quokka (D:5)
  A bat (D:1)
  2 giant cockroaches
  A goblin (D:1)
  A rat (D:3)
23 creatures vanquished.

Notes
Turn   | Place    | Note
--------------------------------------------------------------
     0 | D:1      | Implojin the Troll Fighter began the quest for the Orb.
     0 | D:1      | Reached XP level 1. HP: 22/22 MP: 0/0
    67 | D:3      | Reached XP level 2. HP: 18/29 MP: 1/1
    76 | D:3      | Reached skill level 3 in Unarmed Combat
    84 | D:3      | Found a shattered altar of Ashenzari.
   179 | D:4      | Found a sparkling altar of Nemelex Xobeh.
   196 | D:5      | Entered Level 5 of the Dungeon
   196 | D:5      | Found a bloodstained altar of Trog.
   196 | D:5      | Found a shadowy altar of Dithmenos.
   197 | D:5      | Found a basalt altar of Yredelemnul.
   215 | D:4      | Found a deep blue altar of Sif Muna.
   239 | D:5      | Reached XP level 3. HP: 28/36 MP: 2/2
   266 | D:5      | Reached skill level 4 in Unarmed Combat
   297 | D:4      | Noticed a slave
   298 | D:4      | Noticed a slave
   307 | D:4      | Noticed a slave
   325 | D:4      | Noticed a sky beast
   360 | D:4      | HP: 1/36 [slave[Pikel] (6)]
   363 | D:4      | Killed a slave
   364 | D:4      | Slain by a sky beast

Action                   || total
-------------------------++-------
Melee: Unarmed           ||    72
  Use: Potion            ||     1
 Stab: Sleeping          ||     1

Table legend:
 A = Turns spent in this place as a percentage of turns spent in the entire game.
 B = Non-inter-level travel turns spent in this place as a percentage of non-inter-level travel turns spent in the entire game.
 C = Inter-level travel turns spent in this place as a percentage of turns spent in this place.
 D = Turns resting spent in this place as a percentage of non-inter-level travel turns spent in this place.
 E = Turns spent auto-exploring this place as a percentage of non-inter-level travel turns spent in this place.
 F = Non-inter-level travel turns spent in this place divided by the number of levels of this place that you've seen.
                   A       B       C       D       E      F
               +-------+-------+-------+-------+-------+----------------------
         Total | 100.0 | 100.0 |   0.0 |   0.0 |   0.0 |  76.2
       Dungeon | 100.0 | 100.0 |   0.0 |   0.0 |   0.0 |  76.2
               +-------+-------+-------+-------+-------+----------------------

Table legend:
 A = Kills in this place as a percentage of kills in entire the game.
 B = Kills by you in this place as a percentage of kills by you in the entire game.
 C = Kills by friends in this place as a percentage of kills by friends in the entire game.
 D = Other kills in this place as a percentage of other kills in the entire game.
 E = Experience gained in this place as a percentage of experience gained in the entire game.
 F = Experience gained in this place divided by the number of levels of this place that you have seen.
                   A       B       C       D       E      F
               +-------+-------+-------+-------+-------+----------------------
         Total | 100.0 | 100.0 |  -nan |  -nan | 100.0 |  19.0
       Dungeon | 100.0 | 100.0 |  -nan |  -nan | 100.0 |  19.0
               +-------+-------+-------+-------+-------+----------------------
